 Dungeon Crawl Stone Soup version 0.23-a0-650-ga4d50d4 (console) character file.

245 bli the Chopper (level 6, -7/49 HPs)
             Began as a Formicid Abyssal Knight on Jan 4, 2019.
             Was a Believer of Lugonu.
             Mangled by a wyvern (8 damage)
             ... on level 4 of the Dungeon.
             The game lasted 00:06:28 (2748 turns).

bli the Chopper (Formicid Abyssal Knight)           Turns: 2748, Time: 00:06:29

Health: -7/49      AC:  3    Str: 18    XL:     6   Next: 32%
Magic:  7/7        EV: 11    Int: 11    God:    Lugonu [**....]
Gold:   181        SH:  0    Dex: 11    Spells: 5/5 levels left

rFire    . . .     SeeInvis +   a - +1 hand axe
rCold    . . .     Gourm    .   (no shield)
rNeg     . . .     Faith    .   b - +0 leather armour
rPois    .         Spirit   .   (helmet unavailable)
rElec    .         Reflect  .   (no cloak)
rCorr    .         Harm     .   (no gloves)
MR       .....                  (no boots)
Stlth    +.........             (no amulet)
HPRegen  0.16/turn              (no ring)
MPRegen  0.10/turn              (no ring)

@: no status effects
A: permanent stasis, dig shafts and tunnels, four strong arms, antennae 3
a: Dig, Shaft Self, Depart the Abyss, Bend Space, Renounce Religion


You were on level 4 of the Dungeon.
You worshipped Lugonu.
Lugonu was pleased with you.
You were not hungry.

You visited 1 branch of the dungeon, and saw 4 of its levels.
You visited the Abyss 1 time.

You collected 181 gold pieces.

Inventory:

Hand Weapons
 a - a +1 hand axe (weapon)
 g - a +0 dagger of distortion
 r - a +0 hunting sling
Missiles
 d - 143 stones (quivered)
 p - 8 poisoned needles
 v - 19 sling bullets
Armour
 b - a +0 leather armour (worn)
 f - a +0 ring mail
 m - a +0 chain mail
 x - a +0 ring mail
Wands
 t - a wand of digging (6)
Scrolls
 i - 2 scrolls of immolation {unknown}
 j - 2 scrolls of noise {unknown}
 n - 2 scrolls of identify {unknown}
 q - 3 scrolls of teleportation {unknown}
 u - a scroll of amnesia {unknown}
 w - a scroll of blinking {unknown}
 y - 3 scrolls of remove curse {unknown}
Potions
 e - a potion of resistance {unknown}
 h - 2 potions of mutation {unknown}
 k - a potion of magic {unknown}
 l - 2 potions of lignification {unknown}
 o - a potion of heal wounds {unknown}
Comestibles
 c - 7 rations


   Skills:
 + Level 4.6 Fighting
 + Level 5.4 Axes
 - Level 2.1 Armour
 - Level 0.8 Dodging
 - Level 2.1 Invocations


You had 5 spell levels left.
You didn't know any spells.
Your spell library was empty.

Dungeon Overview and Level Annotations

Branches:
Dungeon (4/15)
 Temple: D:4-7

Altars:
Nemelex Xobeh
Uskayaw
Vehumet


Innate Abilities, Weirdness & Mutations

You cannot be hasted, slowed, berserked, paralysed or teleported.
You can dig through walls and to a lower floor.
Your four strong arms can wield two-handed weapons with a shield.
You have a pair of large antennae on your head. (SInv)


Message History

The wyvern is moderately wounded.
The wyvern closely misses you. The wyvern bites you!
You barely miss the wyvern.
The wyvern is moderately wounded.
The wyvern misses you.
You hit the wyvern.
The wyvern is moderately wounded.
The wyvern bites you! x2
You hit the wyvern.
The wyvern is moderately wounded.
The wyvern bites you!
* * * LOW HITPOINT WARNING * * *
The wyvern barely misses you.
You hit the wyvern.
The wyvern is moderately wounded.
The wyvern completely misses you.
You slash the wyvern!
The wyvern is severely wounded.
The wyvern bites you!
You die...

..#.##.#
......##
#......
{#..#..#
#..... ..
#....#
....#....#
........<#
.#.#.#.###
........@.#
...$....#l#
......#.#.#
...#....#.#
......#.#.#
.#..###.#.#
#.. ..#.#
## .#


You could see a wyvern.

Vanquished Creatures
  Sigmund (D:3)
  4 gnolls (D:3)
  A worm (D:2)
  3 dart slugs
  A leopard gecko (D:1)
  A ball python (D:2)
  5 bats
  3 giant cockroaches
  7 goblins
  3 hobgoblins
  2 jackals (D:2)
  A quokka (D:3)
  4 frilled lizards
  4 kobolds
  9 rats
49 creatures vanquished.

Notes
Turn   | Place    | Note
-------+----------+-------------------------------------------
     0 | Abyss:1  | bli the Formicid Abyssal Knight began the quest for the
                  | Orb.
     0 | Abyss:1  | Reached XP level 1. HP: 18/18 MP: 2/2
    78 | Abyss:2  | Found a radiant altar of Vehumet.
    81 | Abyss:2  | Noticed a quasit
    87 | D:1      | Escaped the Abyss
   230 | D:1      | Reached * piety under Lugonu
   232 | D:1      | Reached XP level 2. HP: 22/24 MP: 3/3
   408 | D:1      | Reached skill level 3 in Axes
   801 | D:1      | Reached XP level 3. HP: 28/29 MP: 4/4
   914 | D:2      | Found a sparkling altar of Nemelex Xobeh.
  1460 | D:2      | Reached ** piety under Lugonu
  1774 | D:3      | Noticed a +0 dagger
  1774 | D:3      | Noticed a +0 dagger
  1784 | D:3      | Reached skill level 4 in Axes
  1784 | D:3      | Reached XP level 4. HP: 27/35 MP: 5/5
  1808 | D:3      | Found a hide-covered altar of Uskayaw.
  1839 | D:3      | Noticed Sigmund
  1850 | D:3      | Killed Sigmund
  1850 | D:3      | Reached skill level 5 in Axes
  1850 | D:3      | Reached XP level 5. HP: 39/43 MP: 6/6
  1850 | D:3      | Reached XP level 6. HP: 45/49 MP: 7/7
  1859 | D:3      | Found a radiant altar of Vehumet.
  2741 | D:4      | Noticed a wyvern
  2746 | D:4      | HP: 1/49 [wyvern (17)]
  2748 | D:4      | Mangled by a wyvern

Vault maps used:
D:1:      dpeg_arrival_rhombi, serial_bayou_lagoon_a
D:2:      first_ration, chequers_serial_rivers_room_b,
          nemelex_diamond_rough_becter
D:3:      dancing_weapons_uskayaw, vehumet_crystals, uniq_sigmund
D:4:      nicolae_gozag_cash_rules_everything_around_me,
          minmay_temple_entry_waves, uniq_pikel, uniq_robin
Abyss:1:  evilmike_abyss_exit_chaos, hangedman_abyss_or_decor_slice
Abyss:2:  evilmike_abyss_exit_3

Skill      XL: |  1  2  3  4 |
---------------+-------------+-----
Axes           | 3 4 5 |  5.4
Fighting       | 4 |  4.6
Armour         | |  2.1
Dodging        | |  0.8
Invocations    | |  2.1

Action                   |  1- 3 |  4- 6 || total
-------------------------+-------+-------++-------
Melee: Hand axe          |   104 |    41 ||   145
Throw: Stone             |     1 |       ||     1
Invok: Depart the Abyss  |     1 |       ||     1
  Eat: Chunk             |     3 |     3 ||     6
Armor: Leather armour    |    25 |     5 ||    30
Dodge: Dodged            |    54 |    43 ||    97

Table legend:
 A = Non-vault XP
 B = Vault XP
 C = Vault XP percentage of total XP
 D = Non-vault monster count
 E = Vault monster count
 F = Vault count percentage of total count
                 A         B        C        D         E       F
            +---------+---------+-------+---------+---------+-------
      Total |     138 |     212 |  60.6 |      48 |       1 |   2.0
            +---------+---------+-------+---------+---------+-------
        D:1 |      29 |       0 |   0.0 |      16 |       0 |   0.0
        D:2 |      37 |       0 |   0.0 |      19 |       0 |   0.0
        D:3 |      72 |     212 |  74.6 |      13 |       1 |   7.1
            +---------+---------+-------+---------+---------+-------
